 Dungeon Crawl Stone Soup version 0.16-a0-3553-gf2c86d1 (webtiles) character file.

170 Gronka the Skirmisher (level 5, 0/59 HPs)
             Began as an Ogre Fighter on Jan 10, 2015.
             Was a Follower of Dithmenos.
             Succumbed to a worker ant's poison
             ... on level 4 of the Dungeon.
             The game lasted 00:07:23 (2468 turns).

Gronka the Skirmisher (Ogre Fighter)                Turns: 2468, Time: 00:07:23

Health: 0/59       AC:  4    Str: 21    XL:     5   Next: 50%
Magic:  5/5        EV:  8    Int:  7    God:    Dithmenos [*.....]
Gold:   140        SH:  8    Dex: 10    Spells: 0 memorised, 4 levels left

rFire  . . .     SeeInvis .     a - +0 flail
rCold  . . .     Clarity  .     m - +1 robe
rNeg   . . .     SustAb   .     c - +0 shield
rPois  .         Gourm    .     (helmet restricted)
rElec  .         Spirit   .     (no cloak)
rCorr  .         Warding  .     (gloves unavailable)
rMut   .         Stasis   .     (boots unavailable)
MR     .....                    (no amulet)
Stlth  +.........               (no ring)
                                (no ring)

@: lethally poisoned, wreathed by umbra, not resistant to hostile enchantments,
very unstealthy
A: unfitting armour, tough skin 1
a: Renounce Religion


You were on level 4 of the Dungeon.
You worshipped Dithmenos.
Dithmenos was aware of your devotion.
You were not hungry.

You visited 1 branch of the dungeon, and saw 4 of its levels.

You collected 140 gold pieces.

Inventory:

Hand weapons
 a - a +0 flail (weapon)
Armour
 b - a +0 robe
 c - a +0 shield (worn)
 m - a +1 robe (worn)
Scrolls
 d - a scroll of teleportation {unknown}
 i - a scroll of blinking {unknown}
 k - a scroll of remove curse {unknown}
Potions
 e - a potion of might
 f - a potion of ambrosia {unknown}
 h - a potion of lignification {unknown}
 l - 2 potions of poison
 o - 2 potions of curing {unknown}
 p - a potion of restore abilities {unknown}
Comestibles
 g - 4 fruits
 j - a meat ration
 n - 2 bread rations


   Skills:
 * Level 6.0 Fighting
 * Level 3.8 Maces & Flails
 - Level 2.4 Armour
 + Level 2.0 Dodging
 + Level 3.2 Shields


You had 4 spell levels left.
You didn't know any spells.

Dungeon Overview and Level Annotations

Branches:
Dungeon (4/15)
 Temple: D:4-7

Altars:
Ashenzari
Dithmenos
Elyvilon
Gozag
Qazlal
Sif Muna
Vehumet


Innate Abilities, Weirdness & Mutations

You are too large for most types of armour.
You have tough skin (AC +1).


Message History

You see here a stone.
Items here: )) [[ †† An orc comes into view.
It is wielding an enchanted flail.
The orc shouts!
The orc moves out of view.
You closely miss the worker ant.
The orc shouts!
The worker ant bites you.
* * * LOW HITPOINT WARNING * * *
You are lethally poisoned!
The worker ant poisons you!
You thump the worker ant!
The worker ant is heavily wounded.
* * * LOW HITPOINT WARNING * * *
You feel sick. The worker ant bites you.
* * * LOW HITPOINT WARNING * * *
The orc barely misses you. The worker ant closely misses you.
You barely miss the worker ant.
The worker ant is heavily wounded.
You die...

#.# #.# #.# #.# #.# #.#
#<# ##.## # #.# #... ..
#######.#######..####K.
..................#...
#######.#######..#.##
#o@a.K)....(...#
#o########..##.# ...
.......... #.###
####.###.#.# # #.. ....
### . #


You could see a worker ant, 2 orcs and a kobold.

Vanquished Creatures
  An iguana (D:4)
  Robin (D:2)
  4 adders
  4 worms
  3 orcs
  A ball python (D:1)
  7 bats
  2 giant cockroaches
  13 goblins
  10 hobgoblins
  4 kobolds
  A quokka (D:2)
  A giant gecko (D:1)
  6 giant newts
  4 jackals (D:3)
  2 rats (D:3)
64 creatures vanquished.

Notes
Turn   | Place    | Note
--------------------------------------------------------------
     0 | D:1      | Gronka, the Ogre Fighter, began the quest for the Orb.
     0 | D:1      | Reached XP level 1. HP: 24/24 MP: 1/1
   197 | D:1      | Reached XP level 2. HP: 33/33 MP: 2/2
   819 | D:2      | Reached XP level 3. HP: 11/41 MP: 3/3
  1065 | D:2      | Reached skill level 5 in Fighting
  1212 | D:2      | Reached skill level 1 in Dodging
  1212 | D:2      | Reached XP level 4. HP: 25/50 MP: 4/4
  1256 | D:2      | Found a white marble altar of Elyvilon.
  1266 | D:2      | Found a radiant altar of Vehumet.
  1274 | D:2      | Found a stormy altar of Qazlal.
  1310 | D:2      | Found a shattered altar of Ashenzari.
  1317 | D:2      | Found a shadowy altar of Dithmenos.
  1328 | D:2      | Found a deep blue altar of Sif Muna.
  1338 | D:2      | Became a worshipper of Dithmenos the Shadowed
  1354 | D:2      | Found an opulent altar of Gozag.
  1518 | D:2      | Noticed Robin
  1529 | D:2      | Killed Robin
  2132 | D:3      | Reached XP level 5. HP: 48/58 MP: 5/5
  2436 | D:4      | Reached skill level 6 in Fighting
  2467 | D:4      | HP: 1/59 [worker ant (2)]
  2468 | D:4      | Succumbed to a worker ant's poison

Action                   |  1- 3 |  4- 6 || total
-------------------------+-------+-------++-------
Melee: Flail             |    77 |   128 ||   205
  Use: Scroll            |       |     5 ||     5
  Eat: Meat ration       |     1 |       ||     1
